 Dungeon Crawl Stone Soup version 0.22.1-1-ga44c0e56f4 (webtiles) character file.

593 Jynx the Changer (level 7, -5/43 HPs)
             Began as an Octopode Transmuter on Nov 4, 2018.
             Was an Initiate of Ashenzari.
             Shot with an arrow by a centaur (17 damage)
             ... on level 5 of the Dungeon.
             The game lasted 00:07:58 (5107 turns).

Jynx the Changer (Octopode Transmuter)              Turns: 5107, Time: 00:07:59

Health: -5/43      AC:  2    Str:  9    XL:     7   Next: 39%
Magic:  9/12       EV: 20    Int: 16    God:    Ashenzari [......]
Gold:   311        SH:  3    Dex: 19    Spells: 2/13 levels left

rFire    . . .     SeeInvis .     - Unarmed
rCold    . . .     Gourm    .   (shield currently unavailable)
rNeg     . . .     Faith    .   (helmet currently unavailable)
rPois    .         Spirit   .   p - +3 amulet of reflection
rElec    .         Reflect  +   b - ring of poison resistance (curse)
rCorr    .         Harm     .   (no ring)
MR       .....                  (no ring)
Stlth    ++........             (no ring)
HPRegen  0.14/turn              (no ring)
MPRegen  0.13/turn              (no ring)
                                (no ring)
                                (no ring)

@: spider-form
A: tiny, almost no armour, stealthy swim, (amphibious), 8 rings, (constrict 8)
a: End Transformation, Curse Item, Renounce Religion


You were on level 5 of the Dungeon.
You worshipped Ashenzari.
Ashenzari was noncommittal.
You were hungry.
You were a venomous arachnid creature.
You visited 1 branch of the dungeon, and saw 5 of its levels.

You collected 311 gold pieces.

Inventory:

Missiles
 a - 39 arrows
Armour
 n - a +0 hat of see invisible (melded)
Jewellery
 b - a cursed ring of poison resistance (left front leg)
 p - a +3 amulet of reflection (around neck)
Wands
 r - a wand of iceblast (10)
Scrolls
 d - a scroll of enchant weapon {unknown}
 f - a scroll of magic mapping {unknown}
 i - 2 scrolls of enchant armour {unknown}
 l - 3 scrolls of immolation {unknown}
 m - 2 scrolls of identify
 q - 2 scrolls of teleportation {unknown}
Potions
 e - a potion of flight {unknown}
 g - a potion of ambrosia {unknown}
 h - 3 potions of invisibility
 j - a potion of magic {unknown}
 k - a potion of agility {unknown}
 o - a potion of haste {unknown}
Comestibles
 c - 7 rations


   Skills:
 - Level 1.0 Fighting
 - Level 2.0 Dodging
 + Level 4.8 Unarmed Combat
 + Level 3.9 Spellcasting
 * Level 5.8 Transmutations


You had 2 spell levels left.
You knew the following spells:

 Your Spells              Type           Power        Failure   Level  Hunger
a - Beastly Appendage     Tmut           ###...       7%          1    None
b - Sticks to Snakes      Tmut           ###.....     9%          2    ##.....
c - Spider Form           Tmut/Pois      ##........   34%         3    ###....
d - Blade Hands           Tmut           ###.......   63%         5    ######.

Your spell library contained the following spells:

 Spells                   Type           Power        Failure   Level  Hunger
 Ice Form                 Ice/Tmut       ##......     67%         4    ####...


Dungeon Overview and Level Annotations

Branches:
Dungeon (5/15)
 Temple: D:4-7

Altars:
Ashenzari
Cheibriados
Okawaru


Innate Abilities, Weirdness & Mutations

You cannot wear most types of armour.
You are very stealthy in the water. (Stealth+)
((You are amphibious.))
You can wear up to eight rings at the same time.
((You can use your tentacles to constrict eight enemies at once.))
((Your skin changes colour to match your surroundings (Stealth+).))
((Your rubbery body absorbs attacks. (AC +1, EV +1)))


Message History

There is a stone staircase leading up here.
A centaur comes into view.
Casting: Spider Form (safe; 16% risk of failure)
Confirm with . or Enter, or press ? or * to list all spells.
You turn into a venomous arachnid creature.
Your +0 hat of see invisible melds into your body.
You feel less perceptive.
You are feeling hungry.
The centaur shouts!
The centaur wields a shortbow.
The centaur shoots an arrow.
The arrow hits you!
The centaur shoots an arrow.
The arrow hits you.
You see here an arrow.
The centaur shoots an arrow.
The arrow hits you!
* * * LOW HITPOINT WARNING * * *
The centaur shoots an arrow.
The arrow misses you.
You see here an arrow.
You are too injured to fight recklessly!
You are too injured to fight recklessly!
The centaur shoots an arrow.
The arrow hits you!
You die...

.###.#.# #.##.# #.#..........# #
..##.#.# #.##.###....#.#####.# #
.###.#.. ...........#.#####.###
.# #.#.# #.#####..#(......... .#
#.#.### ##..........#####.##. .#
#.#.#.##.#...####..#.#........
.###.#..#.#.#...####..#....##.#..
.#................##..#.......#..
.......#........s(((..#....##.<..
..#....#.#.)..c...###.#.#.###....
.....#....#.....### #.....# #....
.#.#.....###.... ###.)## #.#..
.#.#.##### #.### ##.# #.#..
.#.#.# #. #.# ##.##.
##.#.#######. #.###...#.
#<†......... #.##......
###.######## #.........


You could see a centaur.

Vanquished Creatures
  Sigmund (D:4)
  An ice beast (D:5)
  2 scorpions
  An iguana (D:5)
  Terence (D:3)
  3 worker ants (D:4)
  4 adders
  An ooze (D:4)
  A worm (D:2)
  3 dart slugs
  A leopard gecko (D:4)
  2 orcs
  5 giant cockroaches
  7 goblins
  7 hobgoblins
  12 jackals
  7 kobolds
  2 quokkas
  2 bats (D:2)
  5 frilled lizards
  A leopard gecko skeleton (D:4)
  8 rats
77 creatures vanquished.

Vanquished Creatures (others)
  3 plants (D:2)
3 creatures vanquished.

Grand Total: 80 creatures vanquished

Notes
Turn   | Place    | Note
-------+----------+-------------------------------------------
     0 | D:1      | Jynx the Octopode Transmuter began the quest for the Orb.
     0 | D:1      | Reached XP level 1. HP: 13/13 MP: 3/3
   187 | D:1      | Reached XP level 2. HP: 11/18 MP: 3/5
   634 | D:1      | Reached XP level 3. HP: 17/23 MP: 4/6
   984 | D:2      | Found a snail-covered altar of Cheibriados.
  1197 | D:2      | Reached skill level 3 in Transmutations
  1237 | D:2      | Learned a level 2 spell: Sticks to Snakes
  1241 | D:2      | Learned a level 3 spell: Spider Form
  1467 | D:2      | Reached XP level 4. HP: 23/28 MP: 5/7
  1807 | D:2      | Found a shattered altar of Ashenzari.
  1811 | D:2      | Saw a vision of the Swamp and the Spider Nest.
  1811 | D:2      | Noticed a redback
  1811 | D:2      | Noticed a bullfrog
  1811 | D:2      | Noticed a wolf spider
  1811 | D:2      | Noticed an alligator
  1811 | D:2      | Noticed a redback
  1811 | D:2      | Noticed a redback
  1811 | D:2      | Noticed an alligator
  1812 | D:2      | Noticed a swamp drake
  1812 | D:2      | Noticed a wolf spider
  1812 | D:2      | Noticed a redback
  1812 | D:2      | Noticed a redback
  1813 | D:2      | Noticed an alligator
  1815 | D:2      | Became a worshipper of Ashenzari the Shackled
  2401 | D:3      | Noticed Terence
  2416 | D:3      | Killed Terence
  2623 | D:3      | Found an iron altar of Okawaru.
  2631 | D:3      | Reached XP level 5. HP: 33/33 MP: 7/9
  2854 | D:4      | Reached skill level 4 in Transmutations
  3288 | D:4      | Reached XP level 6. HP: 13/38 MP: 10/10
  3767 | D:4      | Noticed a phantom
  4028 | D:4      | Noticed Sigmund
  4048 | D:4      | Killed Sigmund
  4048 | D:4      | Reached skill level 5 in Transmutations
  4208 | D:5      | Entered Level 5 of the Dungeon
  4288 | D:5      | Noticed an ice beast
  4309 | D:4      | HP: 1/38 [adder (3)]
  4534 | D:4      | Learned a level 5 spell: Blade Hands
  4541 | D:5      | Killed an ice beast
  4541 | D:5      | Reached XP level 7. HP: 11/43 MP: 6/12
  5107 | D:5      | Shot with an arrow by a centaur

Skill      XL: |  1  2  3  4  5  6 |
---------------+-------------------+-----
Transmutations | 3 4 5 |  5.8
Spellcasting   | 3 |  3.9
Unarmed Combat | 4 |  4.8
Fighting       | |  1.0
Dodging        | |  2.0

Action                   |  1- 3 |  4- 6 |  7- 9 || total
-------------------------+-------+-------+-------++-------
Melee: Unarmed           |    73 |   137 |     6 ||   216
       Constrict         |    22 |    18 |       ||    40
       Tentacles         |    18 |    17 |       ||    35
       Kick              |     6 |    20 |       ||    26
       Punch             |     3 |     1 |       ||     4
 Cast: Beastly Appendage |     9 |    12 |     1 ||    22
       Spider Form       |       |     3 |     2 ||     5
       Sticks to Snakes  |       |     2 |       ||     2
       Blade Hands       |       |     1 |     1 ||     2
Invok: Curse Item        |       |     1 |       ||     1
  Use: Scroll            |     2 |     2 |       ||     4
       Potion            |       |     2 |       ||     2
 Stab: Sleeping          |     7 |     4 |       ||    11
       Distracted        |     1 |       |       ||     1
  Eat: Chunk             |     2 |     9 |       ||    11
       Ration            |       |       |     1 ||     1
Armor: Skin              |     4 |     6 |       ||    10
Dodge: Dodged            |    55 |    96 |     5 ||   156
Block: Other             |       |     3 |     1 ||     4
